 Dungeon Crawl Stone Soup version 0.29-a0-356-g7bc237e783 (console) character file.

Game seed: 2003055748313669534

93 Ignak the Magician (level 4, -3/32 HPs)
             Began as a Gnoll Hedge Wizard on Apr 26, 2022.
             Killed from afar by an orc wizard (9 damage)
             ... with a magic dart
             ... on level 3 of the Dungeon.
             The game lasted 00:07:15 (2572 turns).

Ignak the Magician (Gnoll Hedge Wizard)             Turns: 2572, Time: 00:07:16

Health: -3/32      AC:  4    Str:  9    XL:     4   Next: 62%
Magic:  9/13       EV: 12    Int: 15    God:
Gold:   213        SH:  5    Dex: 12    Spells: 5/17 levels left

rFire   . . .      SeeInvis .   x - +2 dagger (freeze)
rCold   . . .      Faith    .   (no shield)
rNeg    . . .      Spirit   .   s - +0 leather armour
rPois   .          Reflect  +   c - +0 hat
rElec   .          Harm     .   (no cloak)
rCorr   .          Rampage  .   q - +0 pair of gloves
Will    .....                   (no boots)
Stlth   ++........              g - amulet of reflection
HPRegen 0.10/turn               (no ring)
MPRegen 0.13/turn               (no ring)

@: very slightly contaminated
A: fangs 1, strong nose, distributed training
a: no special abilities


You were on level 3 of the Dungeon.
You visited 1 branch of the dungeon, and saw 3 of its levels.

You collected 213 gold pieces.

Inventory:

Hand Weapons
 m - a +0 war axe
 x - a +2 dagger of freezing (weapon)
Armour
 b - a +0 robe
 c - a +0 hat (worn)
 q - a +0 pair of gloves (worn)
 s - a +0 leather armour (worn)
Jewellery
 g - an amulet of reflection (around neck)
 t - a ring of ice
Wands
 p - a wand of iceblast (13)
Scrolls
 a - a scroll of enchant armour {unknown}
 f - 5 scrolls of identify
 l - a scroll of immolation {unknown}
 o - 2 scrolls of magic mapping
 r - a scroll of amnesia {unknown}
 v - a scroll of holy word {unknown}
 w - a scroll of enchant weapon {unknown}
Potions
 e - 2 potions of invisibility {unknown}
 h - a potion of attraction {unknown}
 i - a potion of curing {unknown}
 j - a potion of brilliance {unknown}
 k - a potion of haste {unknown}
 n - a potion of resistance {unknown}
 u - a potion of lignification {unknown}
 z - a potion of heal wounds {unknown}


   Skills:
 + Level 1.2 Fighting
 + Level 1.2 Short Blades
 + Level 1.2 Long Blades
 + Level 1.2 Axes
 + Level 1.2 Maces & Flails
 + Level 1.2 Polearms
 + Level 1.2 Staves
 + Level 1.2 Slings
 + Level 1.2 Bows
 + Level 1.2 Crossbows
 + Level 1.2 Throwing
 + Level 1.2 Armour
 + Level 4.6 Dodging
 + Level 4.3 Stealth
 + Level 1.2 Shields
 + Level 1.2 Unarmed Combat
 + Level 7.2 Spellcasting
 + Level 2.2 Conjurations
 + Level 1.0 Hexes
 + Level 2.2 Summonings
 + Level 1.0 Necromancy
 + Level 2.2 Translocations
 + Level 1.0 Transmutations
 + Level 1.0 Fire Magic
 + Level 1.0 Ice Magic
 + Level 1.0 Air Magic
 + Level 1.0 Earth Magic
 + Level 1.0 Poison Magic
 + Level 1.3 Invocations
 + Level 1.2 Evocations


You had 5 spell levels left.
You knew the following spells:

 Your Spells              Type           Power      Damage    Failure   Level
a - Magic Dart            Conj           48%        1d5       7%          1
b - Blink                 Tloc           24%        N/A       11%         2
c - Shock                 Conj/Air       40%        1d5       9%          1
d - Mephitic Cloud        Conj/Pois/Air  9%         N/A       30%         3
e - Call Imp              Summ           12%        N/A       11%         2
h - Swiftness             Air            8%         N/A       34%         3

Your spell library contained the following spells:

 Spells                   Type           Power      Damage    Failure   Level
 Slow                     Hex            32%        N/A       12%         1
 Corpse Rot               Necr/Air       16%        N/A       19%         2
 Poisonous Vapours        Pois/Air       16%        N/A       19%         2
 Conjure Flame            Conj/Fire      10%        6-21      26%         3
 Summon Guardian Golem    Hex/Summ       10%        N/A       26%         3
 Airstrike                Air            4%         N/A       75%         4
 Orb of Destruction       Conj           6%         9d6       100%        7
 Spellforged Servitor     Conj/Summ      6%         N/A       100%        7


Dungeon Overview and Level Annotations

Branches:
Dungeon (3/15)

Altars:

Shops:
D:2 (


Innate Abilities, Weirdness & Mutations

You have very sharp teeth.
Your uncanny sense of smell can sniff out nearby items.
Your experience applies equally to all skills.


Message History

The magic dart hits the kobold.
The kobold is severely wounded.
You feel stable enough to blink again.
Your crimson imp hits the orc.
The orc is engulfed in noxious fumes.
The orc appears confused.
The orc hits the orc but does no damage.
The kobold throws a stone.
The stone hits you.
* * * LOW HITPOINT WARNING * * *
Casting: Magic Dart (safe; 7% risk of failure)
Confirm with . or Enter, or press ? or * to list all spells.
Aiming: Magic Dart (safe; 7% risk of failure)
Press: ? - help, Shift-Dir - straight line, f/p - kobold
Aim: a kobold, wielding a +0 dagger and quivering stones (severely wounded, 100% to hit)
You miscast Magic Dart.
Nothing appears to happen.
Your crimson imp hits the orc.
The orc dies!
Casting: Magic Dart (safe; 7% risk of failure)
Confirm with . or Enter, or press ? or * to list all spells.
Aiming: Magic Dart (safe; 7% risk of failure)
Press: ? - help, Shift-Dir - straight line, f/p - kobold
Aim: a kobold, wielding a +0 dagger and quivering stones (severely wounded, 100% to hit)
The magic dart hits the kobold.
You kill the kobold!
Your crimson imp hits the orc but does no damage.
Casting: Magic Dart (safe; 7% risk of failure)
Confirm with . or Enter, or press ? or * to list all spells.
The spell is quite dangerous to miscast (30% risk of failure)!
Continue anyway?
Okay, then.
Casting: Mephitic Cloud (quite dangerous; 30% risk of failure)
Confirm with . or Enter, or press ? or * to list all spells.
Aiming: Magic Dart (safe; 7% risk of failure)
Press: ? - help, Shift-Dir - straight line, f - orc
Aim: an orc, wielding a +2 dagger of flaming and wearing a +0 scale mail (ally target, 100% to hit)
The magic dart hits something.
Your crimson imp hits the orc but does no damage.
The orc hits your crimson imp with a +2 dagger of flaming.
Your crimson imp hits the orc but does no damage.
A magic dart appears from out of thin air!
The magic dart hits you!
You die...

#......).##.............
#.....).....#...........
.......5....##..........#
.......))................
######..o)...............
#..................#
#..{.......[.....<.#
#...........#####..#
#..@........# #..#
#...........# #..#
#...[.......# ##.#
############# ###


You could see an orc (ally target) and a friendly crimson imp (summoned).

Vanquished Creatures
  A worm (D:2)
  An orc (D:3)
  An endoplasm (D:1)
  2 giant cockroaches
  2 goblins (D:2)
  8 hobgoblins
  2 jackals
  6 kobolds
  A quokka (D:1)
  4 ball pythons
  3 bats
  5 frilled lizards (D:1)
  3 rats
39 creatures vanquished.

Vanquished Creatures (collateral kills)
  An orc priest (D:3)
  2 orcs (D:3)
  An endoplasm (D:3)
  A hobgoblin (D:1)
  4 jackals (D:2)
  A kobold (D:1)
  4 ball pythons
  2 bats
  A goblin (D:2)
17 creatures vanquished.

Vanquished Creatures (others)
  A plant (D:1)
1 creature vanquished.

Grand Total: 57 creatures vanquished

Notes
Turn   | Place    | Note
-------+----------+-------------------------------------------
     0 | D:1      | Ignak the Gnoll Hedge Wizard began the quest for the Orb.
     0 | D:1      | Reached XP level 1. HP: 13/13 MP: 8/8
   194 | D:2      | Reached XP level 2. HP: 12/19 MP: 0/10
   305 | D:2      | Learned a level 1 spell: Shock
   308 | D:2      | Learned a level 2 spell: Blink
   311 | D:2      | Learned a level 2 spell: Call Imp
   334 | D:1      | Found a faded altar of an unknown god.
  1077 | D:1      | Reached XP level 3. HP: 25/25 MP: 9/11
  1085 | D:1      | Learned a level 3 spell: Mephitic Cloud
  1089 | D:1      | Learned a level 3 spell: Swiftness
  1425 | D:2      | Found Feurosal's Antique Weapon Shoppe.
  1697 | D:2      | Reached skill level 1 in Invocations
  2425 | D:3      | Reached skill level 1 in Fighting
  2425 | D:3      | Reached skill level 1 in Short Blades
  2425 | D:3      | Reached skill level 1 in Long Blades
  2425 | D:3      | Reached skill level 1 in Axes
  2425 | D:3      | Reached skill level 1 in Maces & Flails
  2425 | D:3      | Reached skill level 1 in Polearms
  2425 | D:3      | Reached skill level 1 in Staves
  2425 | D:3      | Reached skill level 1 in Slings
  2425 | D:3      | Reached skill level 1 in Bows
  2425 | D:3      | Reached skill level 1 in Crossbows
  2425 | D:3      | Reached skill level 1 in Throwing
  2425 | D:3      | Reached skill level 1 in Armour
  2425 | D:3      | Reached skill level 1 in Shields
  2425 | D:3      | Reached skill level 1 in Unarmed Combat
  2425 | D:3      | Reached skill level 1 in Evocations
  2515 | D:3      | Reached XP level 4. HP: 32/32 MP: 13/13
  2567 | D:3      | Reached skill level 1 in Hexes
  2567 | D:3      | Reached skill level 1 in Necromancy
  2567 | D:3      | Reached skill level 1 in Transmutations
  2567 | D:3      | Reached skill level 1 in Fire Magic
  2567 | D:3      | Reached skill level 1 in Ice Magic
  2567 | D:3      | Reached skill level 1 in Air Magic
  2567 | D:3      | Reached skill level 1 in Earth Magic
  2567 | D:3      | Reached skill level 1 in Poison Magic
  2572 | D:3      | Killed from afar by an orc wizard

Illustrated notes

Levels and vault maps discovered:
D:1:      scummos_arrival_checkerplants, layout_loops_ring,
          dreamdust_ecumenical_altar_grove, roderic_serpentine_path,
          dreamdust_wishing_well, chequers_serial_rivers_small_3
D:2:      layout_basic, serial_shops, shop_fountains, roderic_lattice_a,
          minmay_misc_feat_five
D:3:      layout_rooms, grunt_temple_overflow_open,
          chequers_serial_rivers_room_b, eino_curves_04

Skill      XL: |  1  2  3  4 |
---------------+-------------+-----
Conjurations   | 2 |  2.2
Summonings     | 2 |  2.2
Translocations | 2 |  2.2
Invocations    | 1 |  1.3
Fighting       | 1 |  1.2
Short Blades   | 1 |  1.2
Long Blades    | 1 |  1.2
Axes           | 1 |  1.2
Maces & Flails | 1 |  1.2
Polearms       | 1 |  1.2
Staves         | 1 |  1.2
Slings         | 1 |  1.2
Bows           | 1 |  1.2
Crossbows      | 1 |  1.2
Throwing       | 1 |  1.2
Armour         | 1 |  1.2
Shields        | 1 |  1.2
Unarmed Combat | 1 |  1.2
Evocations     | 1 |  1.2
Hexes          | 1 |  1.0
Necromancy     | 1 |  1.0
Transmutations | 1 |  1.0
Fire Magic     | 1 |  1.0
Ice Magic      | 1 |  1.0
Air Magic      | 1 |  1.0
Earth Magic    | 1 |  1.0
Poison Magic   | 1 |  1.0
Dodging        | |  4.6
Stealth        | |  4.3
Spellcasting   | |  7.2

Action                   |  1- 3 |  4- 6 || total
-------------------------+-------+-------++-------
Melee: Dagger            |    72 |     7 ||    79
       Bite              |     6 |     1 ||     7
       Punch             |     2 |       ||     2
       War axe           |    42 |       ||    42
 Cast: Magic Dart        |    20 |     4 ||    24
       Call Imp          |    20 |     1 ||    21
       Shock             |     8 |       ||     8
       Mephitic Cloud    |       |     2 ||     2
       Blink             |       |     1 ||     1
  Use: Scroll            |       |     1 ||     1
       Potion            |       |     1 ||     1
 Stab: Sleeping          |     5 |     1 ||     6
Armor: Robe              |    28 |       ||    28
       Leather armour    |     4 |     2 ||     6
Dodge: Dodged            |    95 |     7 ||   102
Block: Other             |    19 |     2 ||    21

Table legend: (Time is in decaauts)
 A = Elapsed time spent in this place.
 B = Non-inter-level travel time spent in this place.
 C = Inter-level travel time spent in this place.
 D = Time resting spent in this place.
 E = Time spent auto-exploring this place.
 F = Levels seen in this place.
 G = Mean time per level.
                   A        B        C        D        E       F      G
               +--------+--------+--------+--------+--------+-----+--------+
         Total |   2596 |   2548 |     48 |     88 |   1670 |   3 |  865.3 |
       Dungeon |   2596 |   2548 |     48 |     88 |   1670 |   3 |  865.3 |
               +--------+--------+--------+--------+--------+-----+--------+

Top non-repeatable levels by time:
     D:1: 1294 daAuts
     D:2: 1144 daAuts
     D:3: 157 daAuts
